 Dungeon Crawl Stone Soup version 0.18.1-48-g4cf74bf (webtiles) character file.

5128 Peloso the Blocker (level 10, 0/91 HPs)
             Began as a Minotaur Fighter on Sept 4, 2016.
             Was a Follower of Okawaru.
             Slain by a sixfirhy (7 damage)
             ... on level 3 of the Abyss.
             The game lasted 00:27:19 (9042 turns).

Peloso the Blocker (Minotaur Fighter)               Turns: 9042, Time: 00:27:21

Health: 0/91       AC: 15    Str: 22    XL:     10   Next: 33%
Magic:  0/9        EV:  8    Int:  5    God:    Okawaru [*.....]
Gold:   117        SH: 12    Dex: 12    Spells: 0 memorised, 9 levels left

rFire  . . .     SeeInvis .     e - +1 long sword (holy)
rCold  . . .     Gourm    .     O - +0 plate armour
rNeg   . . .     Faith    .     c - +0 shield
rPois  .         Spirit   +     (helmet restricted)
rElec  .         Dismiss  .     (no cloak)
rCorr  .         Reflect  .     (no gloves)
SustAt .         Harm     .     l - +0 pair of boots
MR     .....                    B - amulet of guardian spirit
Stlth  ..........               (no ring)
                                K - ring of stealth

@: non-regenerating, mildly diseased, not resistant to hostile enchantments,
extremely unstealthy
A: retaliatory headbutt, horns 2
a: Heroism, Renounce Religion


You were on level 3 of the Abyss.
You worshipped Okawaru.
Okawaru was aware of your devotion.
You were not hungry.

You visited 3 branches of the dungeon, and saw 10 of its levels.
You visited the Abyss 1 time.
You also visited: Labyrinth.

You collected 449 gold pieces.
You spent 332 gold pieces at shops.

Inventory:

Hand Weapons
 a - a +1 long sword
 e - a +1 long sword of holy wrath (weapon)
 L - the +4 spear "Izirharuag" {drain, rPois rN+ MR+, unknown}
   (You found it on level 7 of the Dungeon)

   A truly terrible weapon, it drains the life of those it strikes.
   It protects you from poison.
   It protects you from negative energy.
   It affects your resistance to hostile enchantments.
Armour
 c - a +0 shield (worn)
 l - a +0 pair of boots (worn)
 O - a +0 plate armour (worn)
Jewellery
 p - an uncursed amulet of dismissal
 y - an uncursed ring of sustain attributes
 B - an amulet of guardian spirit (around neck)
 K - a ring of stealth (left hand)
Wands
 M - a wand of lightning (9/15)
 N - a wand of flame (11/48)
Scrolls
 k - a scroll of identify
 s - a scroll of enchant weapon
 x - a scroll of fog
 C - 4 scrolls of remove curse
 E - a scroll of magic mapping
 F - 2 scrolls of enchant armour
 G - a scroll of immolation {unknown}
 H - 2 scrolls of noise {unknown}
Potions
 h - a potion of invisibility
 n - 2 potions of brilliance
 r - 6 potions of curing
 u - 2 potions of haste
 z - a potion of degeneration {unknown}
 J - 2 potions of flight {unknown}
Comestibles
 f - 4 bread rations
 j - 3 beef jerkies
 q - 4 meat rations
 t - a royal jelly
 A - 3 fruits


   Skills:
 + Level 9.0 Fighting
 + Level 8.5 Long Blades
 + Level 9.7 Armour
 + Level 5.0 Dodging
 + Level 0.1 Stealth
 + Level 10.1 Shields


You had 9 spell levels left.
You didn't know any spells.

Dungeon Overview and Level Annotations

Branches:
Dungeon (8/15)             Temple (1/1) D:4            Lair (1/8) D:8

Altars:
Ashenzari
Cheibriados
Dithmenos
Fedhas
Gozag
Kikubaaqudgha
Makhleb
Nemelex Xobeh
Okawaru
Pakellas
Qazlal
Ru
Sif Muna
Trog
Vehumet
Xom
Yredelemnul
Zin
The Shining One

Shops:
D:6 !?[


Innate Abilities, Weirdness & Mutations

You reflexively headbutt those who attack you in melee.
You have a pair of horns on your head.


Message History

* * * LOW HITPOINT WARNING * * *
You hit the sixfirhy but do no damage. The sixfirhy barely misses you.
You block the sixfirhy's attack. x2
You hit the sixfirhy.
The sixfirhy convulses.
The sixfirhy is lightly wounded.
You block the sixfirhy's attack.
You closely miss the sixfirhy. You closely miss the sixfirhy.
The sixfirhy hits you.
* * * LOW HITPOINT WARNING * * *
The sixfirhy shocks you!
* * * LOW HITPOINT WARNING * * *
The sixfirhy barely misses you. You furiously retaliate!
You headbutt the sixfirhy! You hit the sixfirhy.
The sixfirhy convulses.
Your headbutt misses the sixfirhy.
The sixfirhy is heavily wounded.
The sixfirhy hits you.
* * * LOW HITPOINT WARNING * * *
The sixfirhy shocks you!
You die...

# .# ##. .. ##.
### ...##.4## #..
#.....@### ...
#.#.#.##..###.# #
#....##...# #
..#.##.. ...## ##.
.. ...# .##.###.#
.. ## # ##
.#...##.##.# #.. .
. . # #.####.
..##.## ...# .
#.#.##.#...##....#
# ##....## ...
...#


You could see a sixfirhy.

Vanquished Creatures
  Pikel (D:5)
  An ancient zyme (Abyss:3)
  Grinder (D:5)
  Sigmund (D:3)
  A hungry ghost (D:8)
  2 humans (D:8)
  Menkaure (D:4)
  The ghost of PrikolusRex the Grave Robber, an amateur HuNe (D:4)
  An orc warrior (D:8)
  2 slaves (D:5)
  5 ice beasts
  2 phantoms
  2 necrophages
  3 sky beasts
  4 ogres
  A big kobold (D:7)
  A crocodile (D:8)
  A giant frog (D:7)
  A water moccasin zombie (D:5)
  7 killer bees
  A scorpion (D:5)
  2 howler monkeys (D:8)
  2 electric eels (D:8)
  A centaur skeleton (D:4)
  6 hounds
  3 jellies
  An orc priest (D:6)
  3 giant frog skeletons
  7 orc wizards
  An iguana (D:4)
  Natasha (thrice) (D:2)
  6 worker ants
  A hound skeleton (D:7)
  7 gnolls
  10 adders
  5 river rats (Lair:1)
  2 shadow imps (D:5)
  2 oozes
  3 worms (D:2)
  3 dart slugs
  8 giant geckos
  30 orcs
  13 bats
  4 giant cockroaches
  8 goblins
  4 hobgoblins
  10 jackals
  12 kobolds
  3 quokkas
  A ball python (D:5)
  5 giant newts
  2 quokka skeletons
  9 rats
  A fungus (D:8)
218 creatures vanquished.

Vanquished Creatures (others)
  5 fungi (D:8)
  A plant (D:8)
6 creatures vanquished.

Grand Total: 224 creatures vanquished

Notes
Turn   | Place    | Note
--------------------------------------------------------------
     0 | D:1      | Peloso the Minotaur Fighter began the quest for the Orb.
     0 | D:1      | Reached XP level 1. HP: 19/19 MP: 0/0
   266 | D:1      | Reached XP level 2. HP: 22/27 MP: 1/1
   497 | D:1      | Reached skill level 4 in Shields
   819 | D:2      | Reached XP level 3. HP: 33/33 MP: 2/2
   930 | D:2      | Noticed Natasha
   941 | D:2      | Killed Natasha
   969 | D:2      | Reached XP level 4. HP: 39/40 MP: 3/3
  1007 | D:2      | Reached skill level 1 in Dodging
  1335 | D:2      | Noticed Natasha
  1344 | D:2      | Killed Natasha
  1425 | D:2      | Noticed Natasha
  1437 | D:2      | Killed Natasha
  1437 | D:2      | Reached XP level 5. HP: 34/46 MP: 4/4
  1544 | D:2      | Reached skill level 5 in Armour
  1781 | D:2      | Reached skill level 5 in Shields
  2064 | D:3      | Noticed a necrophage
  2069 | D:3      | Noticed Sigmund
  2107 | D:2      | Killed a necrophage
  2107 | D:2      | Reached XP level 6. HP: 28/53 MP: 5/5
  2433 | D:3      | Killed Sigmund
  2433 | D:3      | Reached skill level 6 in Shields
  2819 | D:3      | Reached skill level 5 in Fighting
  3210 | D:3      | Reached XP level 7. HP: 50/61 MP: 6/6
  3236 | D:4      | Noticed Menkaure
  3555 | D:4      | Killed Menkaure
  3799 | D:4      | Found a blossoming altar of Fedhas.
  3799 | D:4      | Found a shimmering altar of Xom.
  3879 | D:4      | Found a staircase to the Ecumenical Temple.
  3895 | Temple   | Entered the Ecumenical Temple
  4094 | D:4      | Noticed PrikolusRex's ghost (amateur HuNe)
  4115 | D:4      | Killed PrikolusRex's ghost
  4333 | D:5      | Entered Level 5 of the Dungeon
  4362 | D:5      | Reached skill level 7 in Shields
  4459 | D:5      | Reached XP level 8. HP: 69/69 MP: 7/7
  4592 | D:5      | Reached skill level 5 in Long Blades
  4828 | D:5      | Noticed Grinder
  4839 | D:5      | Paralysed by Grinder for 3 turns
  4844 | D:5      | Paralysed by Grinder for 7 turns
  4853 | D:5      | Paralysed by Grinder for 6 turns
  4868 | D:5      | Killed Grinder
  5066 | D:5      | Noticed Pikel
  5079 | D:5      | Killed Pikel
  5079 | D:5      | Reached skill level 8 in Shields
  5226 | D:6      | Reached XP level 9. HP: 75/78 MP: 8/8
  5282 | D:6      | Found Ufritopa's Magic Scroll Emporium.
  5303 | D:6      | Bought a scroll of magic mapping for 42 gold pieces
  5303 | D:6      | Bought a scroll of remove curse for 36 gold pieces
  5303 | D:6      | Bought a scroll of enchant armour for 90 gold pieces
  5303 | D:6      | Bought a scroll of enchant armour for 90 gold pieces
  5303 | D:6      | Bought a scroll of identify for 24 gold pieces
  5400 | D:6      | Found Vumoimn's Distillery.
  5751 | D:6      | Found a sparkling altar of Nemelex Xobeh.
  5940 | D:6      | Found Jogy's Armour Shop.
  6295 | D:7      | Reached skill level 9 in Shields
  6473 | D:7      | Got a shimmering spear
  6567 | D:7      | Found a glowing silver altar of Zin.
  6877 | D:7      | Found an ancient bone altar of Kikubaaqudgha.
  6890 | D:7      | Found a bloodstained altar of Trog.
  6982 | D:8      | Found a staircase to the Lair.
  7058 | D:8      | Found an iron altar of Okawaru.
  7089 | D:8      | Reached XP level 10. HP: 73/89 MP: 7/9
  7097 | D:8      | Became a worshipper of Warmaster Okawaru
  7325 | D:8      | Reached skill level 10 in Shields
  7717 | D:8      | Reached * piety under Okawaru
  7967 | D:6      | Bought a potion of heal wounds for 50 gold pieces
  8039 | Lair:1   | Entered Level 1 of the Lair of Beasts
  8072 | Lair:1   | Found a labyrinth entrance.
  8092 | Lab      | Entered a labyrinth
  8590 | Lab      | Noticed a minotaur
  8934 | Lab      | Cast into level 3 of the Abyss (minotaur)
  8934 | Abyss:3  | Found a corrupted altar of Lugonu.
  9008 | Abyss:3  | Reached skill level 5 in Dodging
  9035 | Abyss:3  | Noticed a sixfirhy
  9042 | Abyss:3  | Slain by a sixfirhy

Skill      XL: |  1  2  3  4  5  6  7  8  9 10 |
---------------+-------------------------------+-----
Shields        | 4 5 6 7 8 9 10 | 10.1
Fighting       | 4 5 6 8 9 |  9.0
Armour         | 4 5 6 7 8 9 |  9.7
Dodging        | 1 2 3 4 5 |  5.0
Long Blades    | 3 4 6 7 8 |  8.5
Stealth        | |  0.1

Action                   |  1- 3 |  4- 6 |  7- 9 | 10-12 || total
-------------------------+-------+-------+-------+-------++-------
Melee: Long sword        |    81 |   154 |   441 |   117 ||   793
       Headbutt          |    10 |    20 |    80 |    26 ||   136
  Use: Scroll            |       |     6 |     1 |     7 ||    14
       Potion            |       |     1 |       |     4 ||     5
  Eat: Chunk             |       |     7 |    14 |     5 ||    26
       Fruit             |       |       |       |     2 ||     2
       Meat ration       |       |       |       |     1 ||     1
Armor: Chain mail        |    40 |   101 |   165 |    25 ||   331
       Scale mail        |     3 |       |       |       ||     3
       Plate armour      |       |       |       |    16 ||    16
Dodge: Dodged            |    17 |    47 |   110 |    43 ||   217
Block: Shield            |    39 |   111 |   227 |    60 ||   437
